Map: Triton LE

Players

pHARM - Winner!

  • Race: Zerg Zerg
  • League: Platinum
  • Spawn Location: 5:00

BaKed

  • Race: Protoss Protoss
  • League: Platinum
  • Spawn Location: 11:00

VOD

Have the link to the VOD?

Description

Time

  • Played on: Sept. 1, 2019, 6:10 p.m.
  • Length: 18:27
Show
View Real Time Build Order
Export as new Build Order

pHARM Zerg - Winner!

Build Orders: Hatch First 

Get SALT Encoding   

  12  0:01  Drone  
  13  0:13  Overlord  
  13  0:19  Drone  
  14  0:32  Drone x2  
  16  0:43  Drone  
  17  0:55  Drone  
  18  0:58  Hatchery  
  17  1:12  Spawning Pool  
  17  1:13  Drone  
  17  1:41  Drone x3  
  19  2:00  Extractor  
  18  2:05  Zergling x4  
  18  2:06  Spine Crawler  
  18  2:07  Spine Crawler  
  18  2:11  Zergling x2  
  19  2:36  Queen x2  
  22  2:51  Overlord x2  
  20  3:02  Drone  
  20  3:03  Drone x5  
  25  3:52  Hatchery  
  25  3:54  Roach Warren  
  25  3:55  Drone x2  
  25  4:07  Spine Crawler x2  
  23  4:36  Roach  
  23  4:37  Roach x3  
  31  4:40  Extractor  
  30  4:56  Drone x3  
  33  5:02  Ravager  
  34  5:07  Drone  
  35  5:15  Overlord, Ravager  
  35  5:16  Overlord  
  37  5:28  Ravager  
  37  6:36  Drone x6  
  37  6:37  Drone x9  
  52  6:46  Ravager  
  53  7:06  Hatchery  
  52  7:10  Roach x4  
  60  7:25  Hatchery  
  59  7:44  Overlord x4  
  59  7:54  Overlord x2  
  59  8:02  Queen  
  59  8:03  Extractor  
  60  8:09  Extractor  
  59  8:14  Overlord x4  
  59  8:22  Lair  
  59  8:36  Spore Crawler  
  59  8:38  Spore Crawler  
  57  8:43  Roach  
  57  8:44  Roach x8  
  75  8:50  Drone  
  75  8:51  Drone x2  
  75  8:55  Drone  
  79  8:57  Drone  
  79  9:00  Drone  
  82  9:02  Drone  
  82  9:05  Drone  
  84  9:17  Drone  
  84  9:32  Pneumatized Carapace  
  84  9:38  Hydralisk Den  
  84  9:45  Infestation Pit  
  70  10:11  Hydralisk x12  
  82  10:25  Drone  
  82  10:26  Drone x6  
  79  10:43  Drone x2  
  79  10:44  Drone x7  
  84  10:56  Spore Crawler  
  83  10:58  Drone x6  
  83  11:00  Drone  
  83  11:01  Drone  
  91  11:27  Extractor  
  91  11:28  Extractor  
  91  11:30  Grooved Spines  
  87  11:56  Hydralisk x16  
  119  12:15  Hydralisk x6  
  131  12:33  Hatchery  
  130  12:42  Muscular Augments  
  126  12:48  Hydralisk x3  
  126  12:49  Hydralisk x10  
  134  12:57  Overlord x3  
  134  13:07  Hydralisk x4  
  136  13:22  Evolution Chamber  
  136  13:24  Evolution Chamber  
  118  13:30  Hydralisk x3  
  118  13:31  Hydralisk x5  
  132  13:47  Hydralisk x5  
  132  13:48  Hydralisk  
  144  14:03  Zerg Ground Armor Level 1, Zerg Missile Weapons Level 1  
  138  14:19  Hydralisk x8  
  138  14:20  Hydralisk  
  150  14:34  Extractor x2  
  148  14:43  Drone x4  
  152  14:50  Hydralisk  
  152  14:51  Hydralisk x7  
  152  14:52  Hydralisk  
  154  15:14  Hydralisk x6  
  154  15:18  Overlord x2  
  154  15:19  Overlord  
  166  15:57  Hydralisk x12  
  166  16:00  Overlord x3  
  190  16:13  Overlord x4  
  184  16:45  Hydralisk x10  
  186  16:55  Hydralisk x3  
  180  18:24  Hatchery  
Show
View Real Time Build Order
Export as new Build Order

BaKed Protoss 

Build Orders: Carriers 

Get SALT Encoding   

  1  0:00  Probe  
  13  0:08  Probe  
  14  0:18  Probe  
  15  0:25  Pylon  
  15  0:43  Probe  
  15  0:44  Forge  
  16  0:51  Pylon  
  16  1:01  Probe  
  17  1:12  Gateway  
  17  1:20  Photon Cannon  
  17  1:26  Pylon  
  16  1:36  Probe  
  16  1:39  Assimilator  
  17  1:43  Gateway  
  17  1:48  Probe  
  17  1:51  Zealot  
  18  2:00  Probe  
  21  2:13  Probe  
  22  2:16  Photon Cannon  
  22  2:17  Zealot  
  24  2:24  Photon Cannon  
  24  2:53  Photon Cannon  
  24  2:56  Pylon  
  24  3:02  Zealot  
  24  3:17  Photon Cannon  
  24  3:19  Cybernetics Core  
  22  3:24  Assimilator  
  22  3:25  Probe  
  23  3:38  Probe  
  22  3:50  Probe  
  22  3:52  Nexus  
  22  3:54  Protoss Shields Level 1  
  23  4:02  Pylon  
  23  4:15  Protoss Air Weapons Level 1  
  23  4:18  Stalker  
  25  4:33  Photon Cannon  
  25  4:45  Stargate  
  25  4:54  Pylon  
  25  4:56  Assimilator  
  25  5:11  Stalker  
  25  5:12  Stalker  
  25  5:13  Probe  
  29  5:21  Probe  
  31  5:28  Phoenix  
  31  5:30  Probe  
  34  5:38  Probe  
  34  5:40  Probe  
  36  5:46  Probe  
  36  5:49  Stalker  
  38  5:53  Probe  
  40  6:07  Phoenix  
  42  6:38  Void Ray, Assimilator  
  46  6:48  Probe  
  47  6:56  Probe  
  47  7:00  Fleet Beacon  
  48  7:02  Stargate  
  48  7:05  Probe  
  49  7:18  Probe  
  50  7:27  Probe  
  50  7:35  Probe  
  51  7:37  Stargate  
  51  7:41  Stargate  
  52  7:44  Probe  
  52  7:45  Pylon  
  52  7:46  Anion Pulse-Crystals  
  53  7:54  Void Ray  
  53  7:56  Probe  
  58  7:59  Probe  
  59  8:08  Probe  
  59  8:12  Probe  
  61  8:19  Pylon  
  61  8:29  Twilight Council, Protoss Air Armor Level 1  
  61  8:34  Carrier  
  67  8:49  Probe  
  68  9:04  Nexus  
  68  9:06  Pylon  
  68  9:09  Pylon  
  68  9:12  Pylon  
  68  9:14  Probe x2  
  68  9:16  Pylon  
  70  9:17  Assimilator  
  70  9:19  Assimilator  
  70  9:26  Probe x2  
  78  9:38  Probe  
  66  10:17  Carrier  
  66  10:25  Pylon  
  64  10:30  Carrier  
  64  10:31  Carrier x2  
  80  10:49  Pylon  
  80  10:51  Probe  
  81  10:58  Protoss Air Armor Level 2  
  81  10:59  Probe  
  81  11:01  Probe  
  83  11:09  Probe  
  83  11:13  Probe  
  85  11:21  Probe  
  85  11:24  Nexus  
  85  11:25  Probe  
  87  11:27  Pylon  
  87  11:33  Probe  
  87  11:44  Carrier  
  99  11:47  Probe  
  99  11:52  Carrier  
  100  11:59  Probe  
  101  12:11  Probe  
  84  12:23  Probe  
  85  12:40  Forge  
  85  12:42  Pylon  
  85  12:57  Carrier x2  
  89  13:40  Nexus  
  87  14:46  Pylon  
  46  15:53  Probe  
  47  16:06  Probe  
  42  16:16  Pylon  
  42  16:18  Probe  
  36  16:28  Pylon  
  36  16:34  Pylon  
  36  16:36  Pylon  
  36  16:39  Pylon  
  36  16:42  Pylon, Assimilator  
  36  16:48  Assimilator  
  36  16:54  Probe  
  37  17:06  Probe  
  38  17:14  Probe  
  38  17:22  Probe  
  40  17:33  Probe  
Tags
 
Composition
Carriers
Matchup
PvZ
Replay Pack
10.7.19
Spawn Locations
Cross Positions
Add a new tag
Caveats
  • Supply blocks, unpowered buildings, or Contaminate may cause inaccurate times.
  • Supply counts are checked every 10 seconds.